 Dungeon Crawl Stone Soup version 0.24.0-37-gcf1ca852f1 (webtiles) character file.

Game seed: 8328752444067113493, levelgen mode: deterministic

42 Ahmontep the Magician (level 3, -2/24 HPs)
             Began as a Mummy Wizard on Dec 7, 2019.
             Slain by an adder (3 damage)
             ... on level 4 of the Dungeon.
             The game lasted 00:04:05 (1362 turns).

Ahmontep the Magician (Mummy Wizard)                Turns: 1362, Time: 00:04:05

Health: -2/24      AC:  3    Str: 10    XL:     3   Next: 35%
Magic:  2/8        EV: 12    Int: 18    God:
Gold:   64         SH:  4    Dex: 10    Spells: 2/10 levels left

rFire    x . .     SeeInvis .   h - +0 hunting sling
rCold    + . .     Gourm    .   (no shield)
rNeg     + + +     Faith    .   a - +0 robe
rPois    ∞         Spirit   .   b - +1 hat
rElec    .         Reflect  +   (no cloak)
rCorr    .         Harm     .   (no gloves)
MR       .....                  (no boots)
Stlth    ++........             k - +4 amulet of reflection
HPRegen  0.08/turn              (no ring)
MPRegen  0.11/turn              (no ring)

@: about to teleport, very slightly contaminated
A: no food or potions, fire vulnerability, cold resistance 1, negative energy
resistance 3, torment resistance, unbreathing
a: no special abilities


You were on level 4 of the Dungeon.
You were not hungry.

You visited 1 branch of the dungeon, and saw 3 of its levels.

You collected 64 gold pieces.

Inventory:

Hand Weapons
 h - a +0 hunting sling (weapon)
Missiles
 i - 14 stones (quivered)
Armour
 a - a +0 robe (worn)
 b - a +1 hat (worn)
Jewellery
 k - a +4 amulet of reflection (around neck)
Scrolls
 c - a scroll of identify
 e - 2 scrolls of remove curse


   Skills:
 - Level 1.5 Dodging
 - Level 1.5 Stealth
 - Level 4.0 Spellcasting
 + Level 2.7 Conjurations
 - Level 0.7 Summonings
 - Level 0.7 Translocations


You had 2 spell levels left.
You knew the following spells:

 Your Spells              Type           Power        Failure   Level  Hunger
a - Magic Dart            Conj           ##..         4%          1    N/A
b - Call Imp              Summ           #.......     17%         2    N/A
c - Blink                 Tloc           N/A          17%         2    N/A
d - Mephitic Cloud        Conj/Pois/Air  #.......     30%         3    N/A

Your spell library contained the following spells:

 Spells                   Type           Power        Failure   Level  Hunger
 Slow                     Hex            #.......     22%         2    N/A
 Conjure Flame            Conj/Fire      #.......     26%         3    N/A

Dungeon Overview and Level Annotations

Branches:
Dungeon (2/15)             Temple (0/1) D:4

Altars:

Annotations:
D:4 Grinder


Innate Abilities, Weirdness & Mutations

You do not eat or drink.
Your flesh is vulnerable to fire.
You are immune to poison.
Your flesh is cold resistant. (rC+)
You are immune to negative energy. (rN+++)
You are immune to unholy pain and torment.
You can survive without breathing.


Message History

Unknown command.
Unknown command.
Casting: Magic Dart (safe; 4% risk of failure)
Confirm with . or Enter, or press ? or * to list all spells.
You don't have enough magic to cast that spell.
Unknown command.
Your crimson imp disappears in a puff of smoke!
The ogre hits your crimson imp with a +0 giant spiked club!
Your crimson imp dies!
The adder bites you.
* * * LOW HITPOINT WARNING * * *
Your crimson imp hits the adder.
Unknown command.
Unknown command.
You are too injured to fight recklessly!
Unknown command.
As you read the scroll labeled XALAIN SONOI, it crumbles to dust.
You feel strangely unstable.
It was a scroll of teleportation.
The adder bites you.
You die...

#.#..#....##...#
###.#.#....#..#..#
#.#.#.#..#.#.....#
#.§.l5.##...#..§##
#.#...........#.#
#.###...##......#
#l# #############
#O#########
#r#.@S5...#
#5#.#####.# #.#O#
#.#l# #.#5# #...#
#####


You could see Grinder, an ogre, an adder, a frilled lizard and a friendly
crimson imp.

Vanquished Creatures
  3 oozes
  2 dart slugs (D:1)
  A giant cockroach (D:1)
  3 goblins
  A hobgoblin (D:1)
  A kobold (D:1)
  A bat (D:1)
  2 frilled lizards (D:1)
  A rat (D:1)
15 creatures vanquished.

Vanquished Creatures (collateral kills)
  An adder (D:2)
  2 worms (D:2)
  A quokka (D:4)
4 creatures vanquished.

Grand Total: 19 creatures vanquished

Notes
Turn   | Place    | Note
-------+----------+-------------------------------------------
     0 | D:1      | Ahmontep the Mummy Wizard began the quest for the Orb.
     0 | D:1      | Reached XP level 1. HP: 13/13 MP: 5/5
    17 | D:1      | Reached skill level 1 in Conjurations
   142 | D:1      | Reached XP level 2. HP: 19/19 MP: 0/7
   325 | D:1      | Learned a level 2 spell: Call Imp
   328 | D:1      | Learned a level 2 spell: Blink
  1093 | D:2      | Reached XP level 3. HP: 24/24 MP: 3/8
  1116 | D:2      | Learned a level 3 spell: Mephitic Cloud
  1326 | D:2      | You fall into a shaft and drop 2 floors!
  1326 | D:4      | Found a staircase to the Ecumenical Temple.
  1326 | D:4      | Noticed Grinder
  1326 | D:4      | Noticed an ogre
  1361 | D:4      | HP: 1/24 [adder (4)]
  1362 | D:4      | Slain by an adder

Levels and vault maps discovered:
D:1:      tarquinn_simple_flora_water_f, layout_loops_ring
D:2:      layout_rooms, minitemple, uniq_terence, uniq_crazy_yiuf_cottage,
          uniq_natasha
D:4:      layout_basic, minmay_temple_entry_mini_moons, uniq_grinder

Skill      XL: |  1  2 |
---------------+-------+-----
Conjurations   | 1 2 |  2.7
Dodging        | |  1.5
Stealth        | |  1.5
Spellcasting   | |  4.0
Summonings     | |  0.7
Translocations | |  0.7

Action                   || total
-------------------------++-------
Melee: Unarmed           ||     2
 Fire: Hunting sling     ||    24
 Cast: Magic Dart        ||    38
       Call Imp          ||     7
  Use: Scroll            ||     4
Armor: Robe              ||     3
Dodge: Dodged            ||     7
Block: Other             ||     2
